AoeStats
← _LY_抖音肥龙

African Clearing

505241189Analyzed
4v4 RM · 23d ago on Sep 8, 2026· 54m 24s· 8 players
Game mode
Random Map
Map size
Large (8 player)
Population
200
Speed
Normal
Resources
Standard
Victory
Conquest
Starting age
Dark Age
Ending age
Imperial Age
RankedLock teamsTeams togetherTeam positionsShared explorationLock speedFull tech treeHidden civsTurbo modeCheats
Victory
Defeat
🇹🇷 Cumans · Türkiye
1774
+13
🇭🇰 Romans · Hong Kong SAR China
1740
+15
🇪🇸 Khmer · Spain
1690
+17
🇦🇷 Franks · Argentina
1657
+18
🇨🇳 Khitans · China
1918
-23
🇨🇳 Ethiopians · China
1732
-17
🇨🇳 Italians · China
1612
-12
🇨🇳 Malians · China
1579
-11
The_Punisher
9:00 Loom
11:33 Feudal Age
12:34 Double-Bit Axe
14:33 Horse Collar
16:31 Wheelbarrow
22:07 Castle Age
21:04 Scale Barding Armor
35:43 Capped Ram
44:16 Bow Saw
44:07 Heavy Plow
43:59 Gold Mining
44:00 Stone Mining
47:39 Hand Cart
50:49 Imperial Age
50:12 Chain Barding Armor
50:02 Forging
50:28 Bloodlines
50:54 Cavalier
52:11 Plate Barding Armor
52:21 Paladin
52:37 Light Cavalry
54:05 Iron Casting
54:33 Scale Mail Armor
54:24 Fletching
54:35 Padded Archer Armor
Pelopincho
11:54 Feudal Age
12:08 Loom
12:39 Double-Bit Axe
15:22 Forging
15:22 Scale Barding Armor
16:06 Scale Barding Armor
18:06 Wheelbarrow
19:30 Bloodlines
20:46 Town Watch
23:41 Castle Age
23:04 Horse Collar
24:35 Bow Saw
23:51 Light Cavalry
24:32 Husbandry
24:53 Chain Barding Armor
25:08 Iron Casting
24:39 Heavy Plow
27:04 Iron Casting
31:31 Hand Cart
31:15 Gold Mining
32:54 Fletching
33:53 Gold Shaft Mining
41:15 Stone Mining
45:18 Bodkin Arrow
46:11 Stone Shaft Mining
48:30 Imperial Age
49:58 Crop Rotation
49:26 Elite Battle Elephant
51:02 Plate Barding Armor
50:40 Double Crossbow
51:00 Conscription
50:45 Tusk Swords
51:46 Blast Furnace
53:17 Coinage
54:34 Banking
Franco Guanajuato
5:32 Loom
13:03 Feudal Age
13:44 Double-Bit Axe
13:47 Town Watch
21:06 Fletching
34:31 Castle Age
39:24 Imperial Age
38:37 Bodkin Arrow
39:33 Guard Tower
42:35 Chemistry
52:21 Wheelbarrow
53:32 Bow Saw
53:14 Gold Mining
_LY_抖音肥龙
9:12 Loom
11:27 Feudal Age
11:32 Man-at-Arms
12:03 Double-Bit Axe
12:50 Scale Mail Armor
19:39 Forging
22:08 Fletching
23:07 Padded Archer Armor
24:15 Wheelbarrow
27:37 Castle Age
27:10 Horse Collar
28:33 Bow Saw
27:53 Long Swordsman
28:54 Chain Mail Armor
31:38 Hand Cart
31:30 Town Watch
32:22 Fishing Lines
33:05 Heavy Plow
34:04 Long Swordsman
35:17 Chain Mail Armor
35:23 Squires
36:43 Iron Casting
36:26 Gold Mining
41:42 Imperial Age
39:19 Bodkin Arrow
40:41 Ballistics
42:06 Ballistas
41:49 Capped Ram
43:31 Blast Furnace
42:03 Legionary
43:43 Gold Shaft Mining
42:58 Stone Mining
43:13 Siege Ram
44:46 Conscription
45:31 Chemistry
44:24 Heavy Scorpion
45:45 Siege Engineers
48:56 Coinage
48:36 Guilds
50:56 Coinage
49:52 Elite Centurion
50:54 Comitatenses
52:16 Scale Barding Armor
53:07 Bloodlines
52:57 Husbandry
53:18 Chain Barding Armor
54:33 Plate Barding Armor
十大地方
9:56 Loom
12:00 Feudal Age
16:29 Castle Age
14:58 Gold Mining
15:13 Double-Bit Axe
17:53 Fletching
18:03 Padded Archer Armor
19:33 Bodkin Arrow
20:36 Town Watch
20:53 Padded Archer Armor
20:26 Crossbowman
29:12 Wheelbarrow
29:28 Bow Saw
47:08 Hand Cart
56:24 Imperial Age
青衫天子
13:46 Feudal Age
14:53 Loom
15:04 Double-Bit Axe
15:31 Town Watch
16:27 Town Watch
19:02 Castle Age
16:56 Fletching
17:16 Gold Mining
17:35 Horse Collar
18:50 Fletching
19:37 Padded Archer Armor
19:10 Crossbowman
19:45 Bodkin Arrow
24:08 Town Watch
27:50 Wheelbarrow
30:43 Padded Archer Armor
36:50 Imperial Age
35:22 Bow Saw
35:12 Heavy Plow
37:12 Ballistics
38:34 Chemistry
38:12 Bracer
40:27 Scale Mail Armor
40:37 Forging
40:33 Stone Mining
42:00 Thumb Ring
41:50 Arbalester
43:10 Conscription
43:31 Gold Shaft Mining
43:40 Squires
44:36 Coinage
45:53 Banking
46:08 Leather Archer Armor
46:09 Chain Mail Armor
45:34 Onager
47:04 Hand Cart
47:05 Chain Mail Armor
47:10 Arson
47:19 Siege Onager
48:29 Siege Engineers
47:58 Halberdier
49:20 Torsion Engines
54:32 Iron Casting
0g123451
8:49 Loom
11:09 Feudal Age
11:11 Man-at-Arms
11:36 Arson
16:41 Double-Bit Axe
20:42 Fletching
40:06 Castle Age
38:19 Horse Collar
42:59 Wheelbarrow
42:53 Bow Saw
43:08 Heavy Plow
44:33 Stone Mining
52:44 Hand Cart
3046964519
10:56 Feudal Age
9:12 Loom
11:56 Double-Bit Axe
13:58 Forging
15:30 Scale Barding Armor
19:43 Domestication
25:05 Castle Age
26:25 Iron Casting
25:52 Husbandry
25:15 Light Cavalry
34:50 Chain Barding Armor
40:35 Squires
41:47 Scale Mail Armor
42:48 Gambesons
43:55 Chain Mail Armor
47:14 Wheelbarrow
49:43 Hand Cart
49:39 Bow Saw
54:47 Imperial Age
53:41 Lamellar Armor
54:00 Fletching
Connection lost

Rejoining the realm…

Still unreachable

The connection could not be restored.

Session expired

The server has moved on; the page needs a fresh start.